 Dungeon Crawl Stone Soup version 0.20.1-1-g8b1a95d (webtiles) character file.

2602 Schiappus the Slasher (level 9, -6/106 HPs)
             Began as a Demonspawn Berserker on Sept 24, 2017.
             Was a Priest of Trog.
             Mangled by an orc warrior
             ... wielding a +0 flail
              (16 damage)
             ... on level 7 of the Dungeon.
             The game lasted 00:28:12 (8460 turns).

Schiappus the Slasher (Demonspawn Berserker)        Turns: 8460, Time: 00:28:13

Health: -6/106     AC:  1    Str: 23    XL:     9   Next: 33%
Magic:  0/9        EV: 16    Int: 10    God:    Trog [***...]
Gold:   108        SH:  0    Dex: 14    Spells: 8/8 levels left

rFire    . . .     SeeInvis .   k - +1 long sword (elec)
rCold    . . .     Gourm    .   (no shield)
rNeg     . . .     Faith    .   n - +2 leather armour {MR+}
rPois    .         Spirit   +   (helmet restricted)
rElec    .         Reflect  .   o - scarf {repulsion}
rCorr    .         Harm     .   (no gloves)
MR       +....                  (no boots)
Stlth    ..........             (no amulet)
Regen    0.3/turn               (no ring)
MPRegen  0.2/turn               (no ring)

@: berserking, corroded, repel missiles, very quick
A: antennae 2, hooves 1, repulsion field 1, deterioration 1, wild magic 1, magic
shield, rot immunity, MP-powered wands
a: Berserk, Trog's Hand, Burn Spellbooks, Renounce Religion


You were on level 7 of the Dungeon.
You worshipped Trog.
Trog was most pleased with you.
You were very hungry.

You visited 2 branches of the dungeon, and saw 8 of its levels.

You collected 394 gold pieces.
You spent 286 gold pieces at shops.

Inventory:

Hand Weapons
 k - a +1 long sword of electrocution (weapon)
Armour
 n - a +2 leather armour of magic resistance (worn)
 o - a scarf of repulsion (worn)
Jewellery
 q - an uncursed ring of fire {unknown}
Wands
 d - a wand of digging (6/24)
 l - a wand of lightning (5/15)
Scrolls
 a - 2 scrolls of teleportation
 b - a scroll of remove curse
 e - 2 scrolls of magic mapping
 i - 2 scrolls of enchant weapon
 r - a scroll of blinking
Potions
 f - 2 potions of cancellation
 h - 3 potions of might
 j - 5 potions of lignification
 m - a potion of berserk rage
 p - a potion of curing
Books
 s - a book of Flames

   Spells                             Type                      Level
   a - Flame Tongue                   Conjuration/Fire             1
   b - Throw Flame                    Conjuration/Fire             2
   c - Conjure Flame                  Conjuration/Fire             3
   d - Inner Flame                    Hexes/Fire                   3
   e - Sticky Flame                   Conjuration/Fire             4
   f - Fireball                       Conjuration/Fire             5
   Trog disapproves of the use of such an item.
 u - a book of Callings

   Spells                             Type                      Level
   a - Summon Small Mammal            Summoning                    1
   b - Call Imp                       Summoning                    2
   c - Call Canine Familiar           Summoning                    3
   d - Summon Guardian Golem          Hexes/Summoning              3
   e - Summon Lightning Spire         Summoning/Air                4
   f - Summon Ice Beast               Ice/Summoning                4
   Trog disapproves of the use of such an item.
Comestibles
 c - 7 bread rations
 g - 3 meat rations
 t - 5 chunks of flesh


   Skills:
 + Level 6.4 Fighting
 + Level 7.4 Long Blades
   Level 3.7 Axes
 + Level 4.7 Armour
 + Level 4.7 Dodging
 + Level 2.0 Stealth


You had 8 spell levels left.
You didn't know any spells.

Dungeon Overview and Level Annotations

Branches:
Dungeon (7/15)             Temple (1/1) D:6

Altars:
Ashenzari
Dithmenos
Elyvilon
Gozag
Hepliaklqana
Kikubaaqudgha
Makhleb
Nemelex Xobeh
Okawaru
Qazlal
Sif Muna
Trog
Uskayaw
Vehumet
Zin
The Shining One

Shops:
D:5 %


Innate Abilities, Weirdness & Mutations

You have a pair of antennae on your head.
You are surrounded by a mild repulsion field. (EV +2)
When hurt, damage is shared between your health and your magic reserves.
You are immune to rotting.
You have large cloven feet.
Your body sometimes deteriorates upon taking damage.
Your spells are a little harder to cast, but a little more powerful.
You expend magic power (3 MP) to strengthen your wands.


Message History

The orc warrior is lightly wounded.
You hit the orc warrior but do no damage.
You kick the orc warrior.
The orc warrior is moderately wounded.
The jelly barely misses you.
You riposte.
You slash the jelly!
The jelly is severely wounded.
The orc hits you with a club.
* * * LOW HITPOINT WARNING * * *
You hit the orc warrior but do no damage.
You kick the orc warrior.
The orc warrior is heavily wounded.
The orc warrior completely misses you. The jelly barely misses you.
You barely miss the orc warrior.
You kick the orc warrior, but do no damage.
The orc warrior is heavily wounded.
The orc closely misses you.
You hit the orc warrior. You kick the orc warrior.
The orc warrior is severely wounded.
The orc warrior hits you with a flail!!
You die...

.# .J . #. .. #. ...
###. .....
############..# #.....
.......#......####...#
......###.......@o..#
###..## ##......oJ.##
.#..## #...........#
....# ##.....#.......
##..# ##..).###..##..
###.# ##....## .## # #
##.####..##รท# .# #
#..##..####.# .# #
#.....## .#


You could see an orc warrior, a jelly and an orc.

Vanquished Creatures
  The ghost of Schiappus the Chopper, a novice DsBe of Trog (D:6)
  The ghost of Asgaroth the Changer, a novice DrTm of Ashenzari (D:5)
  A hippogriff (D:7)
  A hungry ghost (D:7)
  A water moccasin (D:7)
  An ice beast (D:5)
  2 phantoms
  A centaur (D:7)
  A bullfrog (D:7)
  2 scorpions (D:5)
  5 killer bees (D:7)
  4 crimson imps
  3 hounds
  An orc priest (D:7)
  Crazy Yiuf (D:3)
  Jessica (D:3)
  Ijyb (D:3)
  2 iguanas (D:4)
  2 orc wizards (D:5)
  5 worker ants
  A hound skeleton (D:4)
  Robin (D:4)
  4 adders
  A shadow imp (D:5)
  2 oozes
  5 worms
  3 dart slugs
  3 leopard geckos
  15 orcs
  12 bats
  A giant cockroach (D:1)
  16 goblins
  9 hobgoblins
  6 jackals (D:1)
  4 kobolds
  2 quokkas
  4 frilled lizards
  A jackal skeleton (D:5)
  9 rats
136 creatures vanquished.

Vanquished Creatures (others)
  A quokka zombie (D:5)
1 creature vanquished.

Grand Total: 137 creatures vanquished

Notes
Turn   | Place    | Note
-------+----------+-------------------------------------------
     0 | D:1      | Schiappus the Demonspawn Berserker began the quest for the Orb.
     0 | D:1      | Reached XP level 1. HP: 18/18 MP: 1/1
   256 | D:1      | Gained mutation: You are surrounded by a mild repulsion field. (EV +2) [demonic ancestry]
   256 | D:1      | Reached XP level 2. HP: 22/24 MP: 2/2
   879 | D:1      | Reached XP level 3. HP: 29/29 MP: 3/3
  1168 | D:2      | Reached ** piety under Trog
  1502 | D:2      | HP: 1/29 [poisoned by an adder]
  1538 | D:2      | Reached XP level 4. HP: 5/35 MP: 4/4
  2249 | D:3      | Noticed Jessica
  2270 | D:3      | Killed Jessica
  2526 | D:3      | Found a runed door.
  2552 | D:3      | Reached skill level 1 in Long Blades
  2767 | D:3      | Gained mutation: You have a pair of small antennae on your head. [demonic ancestry]
  2767 | D:3      | Reached XP level 5. HP: 42/42 MP: 5/5
  2810 | D:3      | Noticed Ijyb
  2819 | D:3      | Killed Ijyb
  3388 | D:3      | Noticed Crazy Yiuf
  3393 | D:3      | Killed Crazy Yiuf
  3393 | D:3      | Reached skill level 2 in Long Blades
  3663 | D:4      | Noticed a phantom
  3732 | D:4      | HP: 1/42 [phantom (6)]
  3737 | D:4      | Killed a phantom
  3737 | D:4      | Gained mutation: When hurt, damage is shared between your health and your magic reserves. [demonic ancestry]
  3737 | D:4      | Reached XP level 6. HP: 1/48 MP: 6/6
  4271 | D:4      | Reached skill level 3 in Long Blades
  4638 | D:4      | Noticed Robin
  4642 | D:4      | Reached *** piety under Trog
  4647 | D:4      | Killed Robin
  5266 | D:4      | Gained mutation: Your magical capacity is low. (-10% MP) [potion of mutation]
  5266 | D:4      | Gained mutation: You are agile. (Dex +2) [potion of mutation]
  5266 | D:4      | Gained mutation: You evolve. [potion of mutation]
  5310 | D:5      | Entered Level 5 of the Dungeon
  5320 | D:5      | Gained mutation: You are immune to rotting. [demonic ancestry]
  5320 | D:5      | Reached XP level 7. HP: 25/54 MP: 3/6
  5621 | D:5      | Reached skill level 4 in Long Blades
  5672 | D:5      | Noticed Asgaroth's ghost (novice DrTm)
  5684 | D:5      | Killed Asgaroth's ghost
  5713 | D:5      | Reached skill level 5 in Long Blades
  5727 | D:5      | Reached skill level 5 in Fighting
  6091 | D:5      | Found Ecroissa's Food Emporium.
  6100 | D:5      | Bought a bread ration for 65 gold pieces
  6100 | D:5      | Bought a bread ration for 65 gold pieces
  6100 | D:5      | Bought a meat ration for 65 gold pieces
  6100 | D:5      | Bought a meat ration for 65 gold pieces
  6114 | D:5      | Reached XP level 8. HP: 62/62 MP: 7/7
  6195 | D:5      | Found a hide-covered altar of Uskayaw.
  6195 | D:5      | Noticed a dagger
  6196 | D:5      | Noticed a dagger
  6338 | D:5      | Lost mutation: You evolve. [evolution]
  6666 | D:5      | Bought a royal jelly for 26 gold pieces
  6688 | D:5      | Lost mutation: You are agile. (Dex +2) [potion of mutation]
  6688 | D:5      | Lost mutation: Your magical capacity is low. (-10% MP) [potion of mutation]
  6688 | D:5      | Gained mutation: You expend magic power (3 MP) to strengthen your wands. [potion of mutation]
  6688 | D:5      | Gained mutation: Scrolls take you a little longer to read. [potion of mutation]
  6688 | D:5      | Gained mutation: Your body sometimes deteriorates upon taking damage. [potion of mutation]
  6688 | D:5      | Gained mutation: You have sharp toenails. [potion of mutation]
  6716 | D:6      | Found a staircase to the Ecumenical Temple.
  6735 | Temple   | Entered the Ecumenical Temple
  6990 | D:6      | Found an iron altar of Okawaru.
  6998 | D:6      | Noticed Schiappus's ghost (novice DsBe)
  7011 | D:6      | Killed Schiappus's ghost
  7011 | D:6      | Reached skill level 6 in Long Blades
  7011 | D:6      | Reached skill level 1 in Stealth
  7059 | D:6      | Lost mutation: You have sharp toenails. [potion of mutation]
  7059 | D:6      | Lost mutation: Your body sometimes deteriorates upon taking damage. [potion of mutation]
  7059 | D:6      | Lost mutation: You expend magic power (3 MP) to strengthen your wands. [potion of mutation]
  7059 | D:6      | Lost mutation: Scrolls take you a little longer to read. [potion of mutation]
  7059 | D:6      | Gained mutation: Your body sometimes deteriorates upon taking damage. [potion of mutation]
  7059 | D:6      | Gained mutation: You expend magic power (3 MP) to strengthen your wands. [potion of mutation]
  7059 | D:6      | Gained mutation: Your spells are a little harder to cast, but a little more powerful. [potion of mutation]
  7059 | D:6      | Gained mutation: You have large cloven feet. [potion of mutation]
  7789 | D:7      | Gained mutation: You have a pair of antennae on your head. [demonic ancestry]
  7789 | D:7      | Reached XP level 9. HP: 44/69 MP: 6/9
  7860 | D:7      | Reached skill level 7 in Long Blades
  8460 | D:7      | Mangled by an orc warrior

Skill      XL: |  1  2  3  4  5  6  7  8  9 |
---------------+----------------------------+-----
Dodging        | 2 3 4 |  4.7
Axes           | 3 |  3.7
Armour         | 2 3 4 |  4.7
Long Blades    | 1 2 3 5 6 7 |  7.4
Fighting       | 4 5 6 |  6.4
Stealth        | 1 2 |  2.0

Action                   |  1- 3 |  4- 6 |  7- 9 || total
-------------------------+-------+-------+-------++-------
Melee: Hand axe          |   144 |       |       ||   144
       Long sword        |    28 |   166 |   173 ||   367
       Kick              |       |       |    37 ||    37
Invok: Berserk           |       |     2 |     2 ||     4
  Use: Scroll            |     5 |     7 |     5 ||    17
       Potion            |       |     2 |     4 ||     6
 Stab: Sleeping          |       |       |     1 ||     1
  Eat: Royal jelly       |     1 |     1 |     2 ||     4
       Chunk             |       |     8 |     3 ||    11
       Bread ration      |       |     1 |     1 ||     2
       Fruit             |       |       |     1 ||     1
Armor: Animal skin       |    58 |     1 |       ||    59
       Chain mail        |       |    31 |       ||    31
       Leather armour    |       |    32 |    43 ||    75
Dodge: Dodged            |   186 |   147 |   185 ||   518
       Rpst.: Long sword |     9 |    54 |    49 ||   112
